 Dungeon Crawl Stone Soup version 0.15-a0-1439-g2e54579 (webtiles) character file.

106 Qrupt the Poker (level 4, 0/39 HPs)
             Began as a Naga Skald on June 12, 2014.
             Killed from afar by an orc wizard (9 damage)
             ... with a puff of flame
             ... on Level 3 of the Dungeon.
             The game lasted 00:07:26 (2759 turns).

Qrupt the Poker (Naga Skald)                        Turns: 2759, Time: 00:07:26

HP   0/39        AC  2     Str 14      XL: 4   Next: 84%
MP  12/16        EV  9     Int 12      God:
Gold 161         SH  0     Dex 14      Spells:  3 memorised,  1 level left

rFire  . . .     SeeInvis +     x - +0 spear
rCold  . . .     Clarity  .     b - +0 leather armour
rNeg   . . .     rCorr    .     (no shield)
rPois  +         rRot     .     (no helmet)
rElec  .         Spirit   .     (no cloak)
SustAb .         Warding  .     (no gloves)
rMut   .         Stasis   .     (no barding)
Gourm  .                        (no amulet)
MR     .....                    u - +2 ring of dexterity
                                h - ring of magical power

@: shrouded (expiring), infused, very slow, not resistant to hostile
enchantments, very unstealthy
A: spit poison, see invisible, deformed body, poison resistance, slowness 2, AC
+1
a: Spit Poison


You were on level 3 of the Dungeon.
You were hungry.

You visited 1 branch of the dungeon, and saw 3 of its levels.

You collected 161 gold pieces.

Inventory:

Hand weapons
 a - a +0,+0 spear
 x - a +0,+0 spear (weapon)
Armour
 b - a +0 leather armour (worn)
Comestibles
 d - 2 bread rations
 o - a meat ration
 t - a slice of pizza
 v - 4 fruits
 w - a rotting chunk of orc flesh
Scrolls
 e - 2 scrolls of blinking {unknown}
 i - a scroll of magic mapping {unknown}
 m - 3 scrolls of teleportation
 n - a scroll of enchant armour {unknown}
 p - a scroll of enchant weapon I {unknown}
 q - a scroll of remove curse {unknown}
 r - 2 scrolls of enchant weapon II {unknown}
Jewellery
 h - a ring of magical power (left hand)
 u - a +2 ring of dexterity (right hand)
Potions
 g - 3 potions of brilliance
 j - 2 potions of curing
 l - a potion of paralysis {unknown}
 s - a potion of mutation {unknown}
Books
 c - a book of Battle

   Spells                             Type                      Level
   *Infusion                          Charms                       1
   *Shroud of Golubria                Charms/Translocation         2
   Song of Slaying                    Charms                       2
   *Spectral Weapon                   Hexes/Charms                 3
   Regeneration                       Charms/Necromancy            3


   Skills:
 - Level 2.0 Fighting
 + Level 4.8 Polearms
 - Level 0.7 Armour
 - Level 0.7 Dodging
 - Level 2.0 Spellcasting
 - Level 3.0 Charms


You had one spell level left.
You knew the following spells:

 Your Spells              Type           Power        Failure   Level  Hunger
a - Infusion              Chrm           #.....       10%         1    ##.....
b - Shroud of Golubria    Chrm/Tloc      #.........   21%         2    ###....
c - Spectral Weapon       Hex/Chrm       #.......     43%         3    ####...


Dungeon Overview and Level Annotations

Branches:
Dungeon (3/15)

Altars:


Innate Abilities, Weirdness & Mutations

You cannot wear boots.
You can spit poison.
Your serpentine skin is tough (AC +1).
You have supernaturally acute eyesight.
Armour fits poorly on your strangely shaped body.
Your system is resistant to poisons.
You cover ground very slowly.


Message History

Your shroud begins to fray at the edges.
The orc wizard closely misses you.
The orc priest invokes the aid of Beogh against you.
Something smites you!
The orc priest becomes somewhat translucent.
You hit the orc wizard.
The orc wizard is heavily wounded.
The orc wizard gestures at you while chanting.
The magic dart hits you!
* * * LOW HITPOINT WARNING * * *
Your shroud bends the orc priest's attack away!
You miss the orc wizard.
The orc wizard is heavily wounded.
Your shroud bends the orc wizard's attack away.
The orc priest's eyes start to glow.
You completely miss the orc wizard.
The orc wizard is heavily wounded.
The orc wizard gestures at you while chanting.
The puff of flame hits you!
You die...

##......##.# #....#
#......##.# #.o..#
##.(...##.# #....#
#.######.###.#....#
#..##........#....#
###)##.##.#####....######.#
#.........................#
#.##.#%##.#######.#########
+.......).ooo@(.)(#
#.##.......o####### #
##.###.#.# #.. #.#..o
##.##.###.. ..#.# ... #.#
.. #.# ... ..# .


You could see 2 orc priests, an orc wizard (invisible) and an orc.

Vanquished Creatures
  An orc wizard (D:3)
  Ijyb (D:3)
  2 adders
  A giant gecko (D:3)
  5 orcs (D:3)
  A ball python (D:2)
  7 hobgoblins
  A quokka (D:2)
  6 bats
  3 giant newts (D:2)
  4 goblins
  5 kobolds
  3 rats
40 creatures vanquished.

Notes
Turn   | Place    | Note
--------------------------------------------------------------
     0 | D:1      | Qrupt, the Naga Skald, began the quest for the Orb.
     0 | D:1      | Reached XP level 1. HP: 19/19 MP: 3/3
     6 | D:1      | Noticed a redback
     6 | D:1      | Noticed a salamander
     6 | D:1      | Noticed a lindwurm
     6 | D:1      | Noticed an iguana
     6 | D:1      | Noticed a swamp drake
   410 | D:1      | Reached XP level 2. HP: 26/26 MP: 4/4
   971 | D:2      | Reached XP level 3. HP: 13/32 MP: 0/6
  1163 | D:2      | Learned a level 2 spell: Shroud of Golubria
  1167 | D:2      | Learned a level 3 spell: Spectral Weapon
  2336 | D:3      | Reached skill level 4 in Polearms
  2336 | D:3      | Reached XP level 4. HP: 12/39 MP: 7/7
  2610 | D:3      | Noticed Ijyb
  2626 | D:3      | Killed Ijyb
  2759 | D:3      | Killed from afar by an orc wizard

Action                   |  1- 3 |  4- 6 || total
-------------------------+-------+-------++-------
Melee: Spear             |   143 |    38 ||   181
 Cast: Infusion          |     5 |     3 ||     8
       Shroud of Golubri |     1 |     5 ||     6
  Use: Scroll            |     4 |       ||     4
       Potion            |       |     3 ||     3
